 Dungeon Crawl Stone Soup version 0.28.0-45-g0d030f2227 (webtiles) character file.

Game seed: 3067270790393641795

16538 terff the Earth Mage (level 12, -12/64 HPs)
             Began as a Gargoyle Earth Elementalist on Apr 7, 2022.
             Was the Champion of Cheibriados.
             Mangled by a polar bear (21 damage)
             ... in an ice cave.
             The game lasted 00:59:17 (16571 turns).

terff the Earth Mage (Gargoyle Earth Elementalist) Turns: 16571, Time: 00:59:18

Health: -12/64     AC: 27    Str: 31    XL:     12   Next: 38%
Magic:  0/35       EV: 11    Int: 32    God:    Cheibriados [******]
Gold:   549        SH:  0    Dex: 25    Spells: 21/31 levels left

rFire   . . .      SeeInvis .   q - staff of earth
rCold   . . .      Faith    +   (no shield)
rNeg    + + .      Spirit   .   p - +4 chain mail
rPois   ∞          Reflect  .   z - +1 helmet
rElec   +          Harm     .   L - scarf {repulsion}
rCorr   .          Rampage  .   l - +1 pair of gloves
Will    .....                   (no boots)
Stlth   ..........              k - amulet of faith
HPRegen 0.20/turn               A - ring of magical power
MPRegen 0.24/turn               J - ring of positive energy

@: studying Slings, repel missiles, very slow
A: sickness immunity, AC +8, negative energy resistance 1, electricity
resistance, torment resistance 1, petrification resistance
a: Renounce Religion, Bend Time, Temporal Distortion, Slouch, Step From Time


You were in an ice cave.
You worshipped Cheibriados.
Cheibriados was exalted by your worship.
You visited 3 branches of the dungeon, and saw 13 of its levels.
You also visited: Ice Cave.

You collected 549 gold pieces.

Inventory:

Hand Weapons
 r - a +7 great sword
 x - a +3 morningstar of freezing
 D - a +2 dire flail of venom
Missiles
 c - a stone
 t - a throwing net
 y - 2 curare-tipped darts
Armour
 e - a scarf of shadows
 l - a +1 pair of gloves (worn)
 p - a +4 chain mail (worn)
 z - a +1 helmet (worn)
 B - +0 steam dragon scales
 H - a +0 troll leather armour
 L - a scarf of repulsion (worn)
Magical Staves
 q - a staff of earth (weapon)
Jewellery
 k - an amulet of faith (around neck)
 A - a ring of magical power (left hand)
 J - a ring of positive energy (right hand)
Wands
 n - a wand of flame (13)
 o - a wand of acid (3)
 u - a wand of iceblast (14)
Scrolls
 b - 2 scrolls of enchant weapon
 d - 2 scrolls of noise
 v - 5 scrolls of magic mapping
 w - 3 scrolls of fog
 E - a scroll of amnesia
 I - 2 scrolls of teleportation
 M - a scroll of silence
Potions
 a - 2 potions of lignification
 f - a potion of heal wounds
 g - a potion of attraction {unknown}
 h - 7 potions of curing
 i - a potion of flight
 j - a potion of haste {unknown}
 m - a potion of cancellation {unknown}
 s - 2 potions of resistance
 C - a potion of berserk rage {unknown}
 F - a potion of mutation {unknown}
 G - 2 potions of invisibility
 K - a potion of degeneration {unknown}
 N - 2 potions of ambrosia {unknown}


   Skills:
 + Level 3.3 Fighting
 - Level 1.9 Short Blades
 + Level 2.9 Staves
 + Level 5.6 Armour
 + Level 3.3 Dodging
 + Level 4.1 Stealth
 + Level 0.3 Unarmed Combat
 + Level 10.4 Spellcasting
 + Level 2.9 Conjurations
 + Level 0.7 Transmutations
 * Level 15.3 Earth Magic
 * Level 5.7 Invocations


You had 21 spell levels left.
You knew the following spells:

 Your Spells              Type           Power      Damage    Failure   Level
a - Sandblast             Erth           100%       2d20      1%          1
b - Passwall              Tmut/Erth      66%        N/A       1%          2
c - Stone Arrow           Conj/Erth      100%       3d13      1%          3
d - Petrify               Tmut/Erth      80%        N/A       4%          4

Your spell library contained the following spells:

 Spells                   Type           Power      Damage    Failure   Level
 Static Discharge         Conj/Air       26%        N/A       11%         2
 Wereblood                Tmut           21%        N/A       14%         2
 Ensorcelled Hibernation  Hex/Ice        32%        N/A       19%         2
 Conjure Flame            Conj/Fire      26%        6-21      21%         3
 Spider Form              Tmut/Pois      19%        N/A       32%         3
 Ignite Poison            Fire/Tmut/Pois 18%        N/A       34%         3
 Gell's Gravitas          Tloc           16%        N/A       36%         3
 Lesser Beckoning         Tloc           16%        N/A       36%         3
 Teleport Other           Tloc           16%        N/A       36%         3
 Sticky Flame             Conj/Fire      26%        2d5       56%         4
 Anguish                  Hex/Necr       8%         N/A       77%         4
 Lightning Bolt           Conj/Air       13%        1d26      88%         5
 Summon Hydra             Summ           8%         N/A       100%        7
 Maxwell's Capacitive Co  Air            8%         ∞         100%        8
 Sublimation of Blood     Necr           Unusable   N/A       N/A         2

Dungeon Overview and Level Annotations

Branches:
Dungeon (11/15)            Temple (1/1) D:5            Lair (1/6) D:10
    Orc (0/2) D:10          IceCv (1/1)

Altars:
Ashenzari
Cheibriados
Dithmenos
Fedhas
Gozag
Kikubaaqudgha
Makhleb
Qazlal
Uskayaw
Xom
Zin
The Shining One

Shops:
D:1 [   D:6 =

Portals:
Trove: D:10 (give 7 potions of haste)


Innate Abilities, Weirdness & Mutations

You are immune to sickness and miasma.
Your stone body is resilient. (AC +8)
You are immune to poison.
You resist negative energy. (rN+)
You are resistant to electric shocks. (rElec)
You are resistant to unholy torment.
You are immune to petrification.


Message History

You feel a surge of power!
The blast of sand misses the polar bear.
The yak gores you.
* * * LOW HITPOINT WARNING * * *
The polar bear barely misses you.
The polar bear claws you but does no damage.
The polar bear barely misses you.
Aiming: Corrosive Bolt
Press: ? - help, Shift-Dir - straight line, f/p - polar bear
Aim: a polar bear (almost dead, berserk, 79% to hit)
The bolt of acid misses the polar bear.
The polar bear barely misses you. The polar bear claws you.
* * * LOW HITPOINT WARNING * * *
The polar bear closely misses you. The yak barely misses you.
The polar bear bites you.
* * * LOW HITPOINT WARNING * * *
The polar bear barely misses you.
The polar bear claws you but does no damage.
There are monsters nearby!
You feel much better. The yak completely misses you. The polar bear bites you.
The polar bear barely misses you.
The polar bear claws you but does no damage.
Casting: Sandblast (safe; 1% risk of failure)
Confirm with . or Enter, or press ? or * to list all spells.
You don't have enough magic to cast this spell.
Casting: Sandblast (safe; 1% risk of failure)
Confirm with . or Enter, or press ? or * to list all spells.
Okay, then.
Aiming: Throw Flame
Press: ? - help, Shift-Dir - straight line, f/p - polar bear
Aim: a polar bear (almost dead, berserk, 77% to hit)
The puff of flame hits the polar bear but does no damage.
The polar bear is almost dead.
The polar bear bites you!!
* * * LOW HITPOINT WARNING * * *
The polar bear claws you but does no damage.
The polar bear closely misses you. The yak gores you.
* * * LOW HITPOINT WARNING * * *
The polar bear bites you!!
You die...

#####
##...##
##..∩..##
#.......#
#...@...#
##..hY.##
##...##
#...#
...##
#...#
##...
##..


You could see a polar bear (berserk) and a yak.

Vanquished Creatures
  A hydra (Lair:1)
  4 two-headed ogres
  4 cane toads (Lair:1)
  2 komodo dragons (Lair:1)
  Maggie (D:9)
  3 kobold demonologists (D:9)
  5 trolls
  A wraith (D:10)
  6 yaks (D:8)
  2 shadows
  4 wyverns
  3 steam dragons (D:8)
  2 vampire mosquitoes (D:11)
  3 basilisks
  3 water moccasins
  3 acid dragons
  2 ice beasts
  9 orc warriors
  A swamp drake (D:10)
  5 ogres
  5 wolves
  4 centaurs
  4 kobold brigands
  6 bullfrogs
  A gnoll sergeant (D:10)
  A wyvern zombie (D:8)
  3 scorpions
  A water moccasin zombie (D:4)
  16 killer bees
  9 wights
  4 howler monkeys
  2 bullfrog zombies
  Crazy Yiuf (D:7)
  3 hounds
  3 centaur zombies
  2 gnoll shamans
  10 orc priests
  A centaur skeleton (D:5)
  A jelly (D:5)
  Terence (D:3)
  3 iguanas
  9 orc wizards
  A scorpion zombie (D:3)
  2 killer bee zombies
  9 adders
  12 gnolls
  14 white imps
  An ufetubus (D:7)
  5 worms
  2 dart slugs
  35 orcs
  9 ball pythons
  4 bats
  11 endoplasms
  3 giant cockroaches
  10 hobgoblins
  5 jackals
  7 quokkas
  3 frilled lizards
  7 goblins
  20 kobolds
  5 rats
319 creatures vanquished.

Vanquished Creatures (others)
  A fungus (Lair:1)
  A plant (Lair:1)
2 creatures vanquished.

Grand Total: 321 creatures vanquished

Notes
Turn   | Place    | Note
-------+----------+-------------------------------------------
     0 | D:1      | terff the Gargoyle Earth Elementalist began the quest for
                  | the Orb.
     0 | D:1      | Reached XP level 1. HP: 10/10 MP: 3/3
   207 | D:1      | Found a faded altar of an unknown god.
   441 | D:1      | Reached XP level 2. HP: 15/15 MP: 3/5
   519 | D:1      | Learned a level 2 spell: Passwall
   848 | D:1      | Reached XP level 3. HP: 19/19 MP: 4/6
   917 | D:1      | Found Deimanoaxt's Armour Shop.
   990 | D:1      | Reached skill level 4 in Earth Magic
  1643 | D:2      | Reached XP level 4. HP: 24/24 MP: 4/8
  2810 | D:3      | Reached XP level 5. HP: 4/28 MP: 0/10
  3282 | D:3      | Noticed Terence
  3314 | D:3      | Killed Terence
  3598 | D:3      | Reached skill level 1 in Short Blades
  4230 | D:4      | Reached XP level 6. HP: 22/33 MP: 11/11
  4465 | D:4      | Reached skill level 1 in Fighting
  4671 | D:4      | Reached skill level 5 in Earth Magic
  5143 | D:4      | Reached skill level 1 in Armour
  5658 | D:5      | Entered Level 5 of the Dungeon
  5804 | D:5      | Reached XP level 7. HP: 29/38 MP: 6/13
  5928 | D:5      | Learned a level 3 spell: Stone Arrow
  6446 | D:5      | Reached skill level 6 in Earth Magic
  6490 | D:5      | Found a staircase to the Ecumenical Temple.
  6526 | Temple   | Entered the Ecumenical Temple
  6601 | Temple   | Became a worshipper of Cheibriados the Contemplative
  7279 | D:6      | Found Vaibix's Jewellery Boutique.
  7313 | D:6      | Reached skill level 1 in Staves
  7313 | D:6      | Reached skill level 7 in Earth Magic
  7313 | D:6      | Reached XP level 8. HP: 27/44 MP: 10/15
  7757 | D:7      | Reached skill level 5 in Spellcasting
  8067 | D:7      | Reached * piety under Cheibriados
  8296 | D:6      | Reached skill level 8 in Earth Magic
  8840 | D:6      | Reached XP level 9. HP: 48/48 MP: 11/17
  9132 | D:7      | Reached skill level 9 in Earth Magic
  9305 | D:7      | Reached ** piety under Cheibriados
  9484 | D:7      | Noticed a two-headed ogre
  9491 | D:7      | Killed a two-headed ogre
  9492 | D:7      | Reached skill level 1 in Conjurations
  9492 | D:7      | Reached skill level 10 in Earth Magic
  9529 | D:7      | Found a blossoming altar of Fedhas.
  9712 | D:7      | Identified the +0 robe "Uciaryu" {rPois Str-5 Dex+2}
  9732 | D:7      | Found a runed translucent door.
  9733 | D:7      | Noticed Crazy Yiuf
  9923 | D:7      | Killed Crazy Yiuf
 10176 | D:8      | Reached *** piety under Cheibriados
 10181 | D:8      | Reached skill level 11 in Earth Magic
 10181 | D:8      | Reached XP level 10. HP: 54/54 MP: 15/21
 10333 | D:8      | Identified the +0 ring mail of Zin's Vengeance {Str+4}
 10424 | D:8      | Reached skill level 12 in Earth Magic
 10826 | D:8      | Noticed a two-headed ogre
 10828 | D:8      | Killed a two-headed ogre
 10829 | D:8      | Reached skill level 1 in Invocations
 10830 | D:8      | Reached **** piety under Cheibriados
 11355 | D:8      | Learned a level 4 spell: Petrify
 12005 | D:9      | Noticed a two-headed ogre
 12009 | D:9      | Killed a two-headed ogre
 12010 | D:9      | Reached skill level 13 in Earth Magic
 12094 | D:9      | Reached XP level 11. HP: 59/59 MP: 23/23
 12099 | D:9      | Reached ***** piety under Cheibriados
 12472 | D:9      | Noticed Maggie
 12523 | D:8      | HP: 1/59 [killer bee (7)]
 12864 | D:9      | Killed Maggie
 12908 | D:9      | Noticed a sixfirhy
 12912 | D:9      | HP: 1/59 [sixfirhy[a kobold demonologist] (3)]
 12920 | D:10     | Entered Level 10 of the Dungeon
 13557 | D:10     | Found a portal to a secret trove of treasure.
 13634 | D:10     | Reached skill level 14 in Earth Magic
 14090 | D:10     | Noticed a two-headed ogre
 14094 | D:10     | Killed a two-headed ogre
 14451 | D:10     | Found a staircase to the Lair.
 14590 | D:10     | Found a staircase to the Orcish Mines.
 14598 | D:10     | Reached ****** piety under Cheibriados
 15071 | Lair:1   | Entered Level 1 of the Lair of Beasts
 15085 | Lair:1   | Reached skill level 5 in Invocations
 15273 | Lair:1   | Reached skill level 10 in Spellcasting
 15273 | Lair:1   | Reached XP level 12. HP: 56/64 MP: 19/26
 15293 | Lair:1   | Reached skill level 5 in Armour
 15697 | Lair:1   | Reached skill level 15 in Earth Magic
 15923 | Lair:1   | Noticed a six-headed hydra
 15930 | Lair:1   | Killed a six-headed hydra
 16521 | D:11     | Found a frozen archway.
 16549 | IceCv    | Entered an ice cave
 16571 | IceCv    | Mangled by a polar bear

Illustrated notes

Levels and vault maps discovered:
D:1:      erik_arrival_triangle_small, layout_basic,
          nicolae_ecumenical_snake_handling, serial_shops, nicolae_square_shop,
          nrook_uturn, chequers_arboretum, moated_statue
D:2:      layout_loops_cross
D:3:      layout_basic, minmay_misc_feat_enclosed, grunt_decor_fettered,
          hangedman_glass_teeth, patterned_corridor, uniq_terence
D:4:      layout_loops_corners, kennysheep_path_1
D:5:      layout_cave_pools, minmay_temple_entry_statues_fountains
D:6:      layout_basic, serial_shops, shop
D:7:      layout_basic, lemuel_doored_altar, uniq_crazy_yiuf_cottage
D:8:      cheibrodos_steamvent, layout_basic
D:9:      layout_rooms, serial_co_window_serial, co_window_corner_a,
          co_window_corner_a, co_window_of_opportunity_a, co_window_paths_a,
          co_window_paths_a, co_window_paths_a, co_window_of_opportunity_b,
          co_window_cross_3, co_window_corner_b, uniq_maggie
D:10:     layout_rooms, erik_lair_dragon,
          kennysheep_orc_monster_closet_entryway, nicolae_trove_entry_isolated
D:11:     layout_cave_pools, serial_rivers, chequers_serial_rivers_large_b,
          chequers_serial_rivers_small_3, chequers_serial_rivers_micro_b,
          chequers_serial_rivers_large_a, chequers_serial_rivers_micro_c,
          chequers_serial_rivers_small_3, portal_ice_cave_entry_imps
Temple:   mainiacjoe_temple_circle_huts
Lair:1:   layout_chaotic_city, minmay_hedge_maze
IceCv:    ice_cave_small_giant

Skill      XL: |  1  2  3  4  5  6  7  8  9 10 11 12 |
---------------+-------------------------------------+-----
Earth Magic    | 4 5 7 8 11 13 14 15 | 15.3
Spellcasting   | 3 4 5 7 8 10 | 10.4
Dodging        | 2 3 |  3.3
Short Blades   | 1 |  1.9
Stealth        | 3 4 |  4.1
Fighting       | 1 2 3 |  3.3
Armour         | 1 2 3 4 5 |  5.6
Staves         | 1 2 |  2.9
Conjurations   | 1 2 |  2.9
Invocations    | 2 5 |  5.7
Unarmed Combat | |  0.3
Transmutations | |  0.7

Action                   |  1- 3 |  4- 6 |  7- 9 | 10-12 || total
-------------------------+-------+-------+-------+-------++-------
Melee: Unarmed           |    17 |       |       |       ||    17
       Short sword       |     2 |   140 |       |       ||   142
       Staff             |       |    87 |    58 |   191 ||   336
       Punch             |       |     3 |     2 |     6 ||    11
 Cast: Sandblast         |    43 |    52 |   106 |   201 ||   402
       Stone Arrow       |       |       |    20 |   120 ||   140
       Passwall          |       |       |       |     1 ||     1
Evoke: Wand              |       |       |       |     5 ||     5
  Use: Scroll            |     1 |     3 |     7 |    11 ||    22
       Potion            |       |       |       |     6 ||     6
 Stab: Sleeping          |       |     2 |       |     1 ||     3
Armor: Robe              |    16 |    26 |    21 |       ||    63
       Chain mail        |       |    85 |     9 |   144 ||   238
       Leather armour    |       |       |    31 |       ||    31
       Steam dragon scal |       |       |     1 |   175 ||   176
Dodge: Dodged            |    12 |    77 |    71 |   343 ||   503
       Repelled          |       |       |       |     6 ||     6
